Map: 匹昂台地

Players

doudou

  • Race: Terran Terran
  • League: Master

iGMacSed

  • Race: Terran Terran
  • League: Master

iGXiGua

  • Race: Zerg Zerg
  • League: Master

开局要打鸡儿盒饭

  • Race: Zerg Zerg
  • League: Master

Event: GPL 2015 - Grand Finals

VOD

Have the link to the VOD?

Description

Time

  • Played on: Jan. 22, 2016, 3:50 a.m.
  • Length: 14:40

All games in this series

Show
View Real Time Build Order
Export as new Build Order

doudou Terran 

Build Orders: Reaper Expand, Bio Mine, Hellion Banshee 

Get SALT Encoding   

  12  0:01  SCV  
  13  0:13  SCV  
  14  0:18  Supply Depot  
  14  0:26  SCV  
  15  0:40  Barracks, SCV  
  16  0:44  Refinery  
  16  0:52  SCV  
  18  1:04  SCV  
  18  1:16  SCV  
  19  1:28  Orbital Command  
  19  1:29  Reaper  
  20  1:39  Command Center  
  20  1:46  Supply Depot  
  21  1:54  SCV  
  21  2:01  Marine  
  22  2:02  Refinery  
  22  2:06  SCV  
  23  2:11  Factory  
  23  2:21  SCV  
  24  2:26  Barracks Reactor  
  24  2:33  SCV  
  25  2:45  SCV  
  25  2:51  Orbital Command  
  26  2:56  Starport  
  26  2:57  SCV  
  27  3:09  SCV  
  30  3:12  Barracks Tech Lab  
  30  3:13  Hellion x2  
  30  3:16  Orbital Command  
  32  3:21  SCV  
  33  3:30  Supply Depot  
  33  3:34  SCV  
  34  3:40  Cloaking Field, Banshee  
  36  3:43  Hellion x2  
  36  3:45  SCV  
  36  3:46  SCV  
  42  3:52  Barracks Tech Lab  
  42  3:57  SCV  
  42  3:58  SCV  
  42  4:01  Supply Depot  
  44  4:08  Hellion x2  
  44  4:09  SCV  
  49  4:10  Marine, SCV  
  49  4:11  Stimpack  
  51  4:21  SCV  
  51  4:22  SCV  
  53  4:30  Supply Depot  
  52  4:34  SCV  
  52  4:37  SCV  
  53  4:42  Marine, Banshee  
  53  4:44  Command Center  
  57  4:46  SCV  
  57  4:50  SCV, Widow Mine  
  57  4:51  Widow Mine  
  57  4:52  Bunker  
  62  4:58  SCV  
  61  5:00  Marauder  
  63  5:08  SCV  
  63  5:10  SCV  
  65  5:15  Barracks  
  65  5:18  Barracks  
  65  5:19  Widow Mine x2  
  65  5:22  SCV  
  65  5:26  Engineering Bay  
  65  5:27  SCV, Engineering Bay  
  67  5:35  SCV  
  68  5:41  Barracks  
  68  5:43  Starport Reactor, SCV  
  68  5:45  Barracks  
  68  5:47  SCV  
  70  5:54  Refinery x2  
  70  5:55  SCV  
  71  5:58  Terran Infantry Weapons Level 1, Terran Infantry Armor Level 1  
  71  6:00  Marine  
  71  6:02  SCV  
  71  6:03  Widow Mine, Barracks Reactor  
  71  6:04  Widow Mine  
  73  6:08  Barracks Reactor  
  73  6:11  Orbital Command  
  77  6:18  Marine  
  75  6:20  Medivac  
  75  6:22  SCV x2  
  80  6:28  Marine  
  81  6:33  Barracks Reactor  
  81  6:36  Combat Shields  
  81  6:37  Supply Depot, Marine, Orbital Command  
  82  6:41  SCV  
  82  6:43  SCV  
  82  6:46  Supply Depot, Marine  
  85  6:47  Supply Depot  
  85  6:53  Medivac, Marine  
  85  6:55  Supply Depot  
  85  6:56  Supply Depot  
  85  6:59  Marine x2, SCV  
  85  7:00  Marine  
  85  7:01  Armory  
  89  7:03  SCV  
  89  7:06  SCV  
  91  7:12  Marine x3  
  91  7:13  Marine, Widow Mine x2  
  91  7:14  Medivac  
  91  7:15  SCV  
  102  7:17  SCV  
  102  7:20  SCV  
  102  7:21  Marine  
  105  7:23  Medivac, Marine  
  105  7:29  Marine  
  109  7:30  Marine  
  109  7:32  Missile Turret  
  109  7:33  Missile Turret  
  109  7:34  Missile Turret, SCV  
  109  7:35  Refinery, Marine x2  
  103  7:40  Marine  
  104  7:46  Marine x2  
  104  7:47  Marine  
  104  7:48  SCV, Marauder  
  104  7:50  SCV  
  111  7:51  Marine, Widow Mine  
  111  7:54  Medivac, Marine  
  111  7:55  Medivac, Factory  
  114  8:01  Marine x2  
  114  8:04  SCV x2  
  118  8:06  Marine  
  118  8:07  Marine  
  118  8:09  Marine  
  118  8:11  Marine x2  
  123  8:17  Barracks  
  123  8:19  Barracks  
  123  8:23  Marine  
  110  8:30  Marine x5  
  110  8:32  Widow Mine x2  
  110  8:33  Medivac x2, Marine  
  110  8:34  Marine  
  121  8:41  Marine  
  118  8:47  Marine  
  118  8:48  Factory Tech Lab, Marine x4  
  118  8:50  Terran Infantry Armor Level 2, Terran Infantry Weapons Level 2  
  118  8:51  Marine x2  
  122  8:59  Marine  
  122  9:01  Widow Mine  
  125  9:05  Supply Depot  
  125  9:06  Supply Depot  
  125  9:08  Supply Depot, Marine x4  
  125  9:09  Terran Vehicle And Ship Armor Level 1, Widow Mine  
  125  9:10  Supply Depot x2, Marine x2  
  125  9:11  Marine x2  
  125  9:12  Marine  
  125  9:15  Widow Mine  
  125  9:16  Medivac  
  125  9:17  Marine  
  120  9:26  Marine x4  
  120  9:27  Supply Depot  
  120  9:28  Marine x2  
  120  9:29  Marine x2, Widow Mine  
  120  9:30  Supply Depot, Marine  
  131  9:35  Marine  
  120  9:43  Marine  
  120  9:44  Marine x3  
  110  9:45  Marine  
  110  9:46  Marine  
  110  9:47  Marine  
  110  9:49  Marine x2  
  102  9:52  Marine  
  102  9:53  SCV  
  99  10:01  Marine  
  99  10:02  Marine  
  99  10:03  Medivac  
  99  10:06  SCV  
  90  10:17  Liberator  
  90  10:18  SCV  
  90  10:19  SCV x2  
  90  10:24  Cyclone  
  90  10:25  Liberator  
  86  10:30  SCV  
  86  10:48  Marine x3  
  86  10:49  Marine, Marauder x2  
  97  10:54  Marine x3  
  97  10:55  Barracks Reactor  
  97  10:56  SCV  
  95  10:57  SCV  
  96  11:06  Marine x3  
  96  11:07  Marine  
  96  11:08  Thor  
  96  11:09  Marine, SCV  
  96  11:10  SCV  
  106  11:11  SCV  
  106  11:12  Liberator  
  106  11:13  Marine x2  
  106  11:16  Marine  
  109  11:19  Marine  
  109  11:21  SCV  
  109  11:22  SCV  
  109  11:23  Medivac, Marine  
  115  11:30  Marine  
  114  11:33  Marine  
  114  11:34  Marine x4  
  114  11:35  SCV  
  114  11:36  Liberator  
  114  11:37  Marine x2, Marauder  
  119  11:40  Marine  
  120  11:49  SCV  
  120  11:50  Marine  
  125  11:54  Terran Infantry Weapons Level 3  
  116  12:03  Widow Mine x3  
  116  12:06  Drilling Claws  
  116  12:07  Marine  
  116  12:08  Marine  
  123  12:10  Marine  
  123  12:11  Marine, Liberator  
  123  12:12  Marine  
  123  12:14  Marine  
  124  12:24  Bunker, Marine  
  124  12:25  Refinery  
  126  12:31  Widow Mine  
  126  12:33  Marine  
  126  12:36  Medivac  
  131  12:44  Marine  
  131  12:50  Marine  
  132  12:53  Marine  
  133  13:01  Supply Depot, Marine, SCV  
  133  13:03  Marine x2  
  133  13:04  Marine  
  138  13:12  Marine x3, Marauder, Widow Mine x2  
  146  13:13  Marine x3  
  146  13:19  Marine  
  151  13:21  Marine x2  
  151  13:22  Marine  
  148  13:30  Marine x4  
  123  13:38  Marine  
  123  13:40  Widow Mine x2  
  108  13:46  Marine  
Show
View Real Time Build Order
Export as new Build Order

iGMacSed Terran 

Build Orders:  

Get SALT Encoding   

  12  0:01  Drone  
  13  0:09  Drone  
  14  0:17  Overlord  
  14  0:21  Extractor  
  14  0:23  Drone  
  15  0:35  Drone x2  
  17  0:53  Drone  
  17  0:54  Hatchery  
  17  0:59  Drone  
  18  1:05  Extractor  
  17  1:12  Spawning Pool  
  17  1:16  Drone  
  17  1:19  Drone  
  18  1:28  Drone  
  19  1:37  Overlord  
  19  1:59  Queen  
  19  2:00  Zergling x4  
  23  2:05  Metabolic Boost  
  23  2:07  Queen  
  25  2:08  Drone  
  25  2:11  Drone  
  27  2:18  Drone  
  27  2:21  Drone  
  29  2:27  Overlord  
  29  2:35  Queen  
  31  2:37  Drone  
  31  2:39  Overlord  
  31  2:42  Drone  
  33  2:50  Drone  
  34  2:53  Drone  
  35  3:04  Drone  
  35  3:05  Drone  
  37  3:09  Drone x2  
  37  3:10  Drone  
  40  3:15  Zergling x6  
  40  3:17  Zergling x2  
  40  3:18  Drone  
  45  3:23  Drone  
  46  3:32  Queen, Hatchery  
  47  3:35  Drone  
  47  3:40  Overlord x2  
  48  3:46  Zergling x4  
  48  3:48  Drone x2  
  52  3:54  Overlord  
  52  3:57  Overlord x2  
  52  4:02  Baneling Nest, Drone  
  53  4:04  Drone  
  53  4:05  Drone  
  54  4:11  Drone  
  54  4:15  Zergling x2  
  56  4:19  Extractor  
  56  4:21  Evolution Chamber, Zergling x4  
  56  4:22  Evolution Chamber  
  55  4:26  Drone x2  
  55  4:42  Drone  
  55  4:43  Drone  
  55  4:45  Spore Crawler  
  53  4:46  Lair, Spore Crawler  
  53  4:48  Zerg Ground Armor Level 1, Spore Crawler  
  53  4:49  Drone  
  53  4:52  Queen  
  53  4:56  Drone x2  
  53  4:57  Extractor, Drone  
  53  4:59  Drone  
  54  5:00  Drone  
  54  5:06  Drone, Spore Crawler  
  53  5:18  Drone x4  
  53  5:19  Drone  
  55  5:25  Drone, Zerg Melee Weapons Level 1  
  55  5:27  Drone  
  57  5:30  Drone  
  57  5:31  Drone x4  
  57  5:32  Drone  
  59  5:41  Drone x2  
  58  5:45  Extractor  
  58  5:47  Spire, Zergling x2  
  58  5:48  Zergling x4  
  59  5:51  Zergling x2  
  60  6:00  Drone  
  60  6:01  Drone x6  
  60  6:03  Drone  
  67  6:11  Drone  
  67  6:14  Drone x6  
  67  6:15  Drone  
  73  6:22  Drone  
  73  6:23  Drone  
  73  6:25  Drone  
  73  6:26  Centrifical Hooks  
  73  6:27  Drone x2  
  76  6:35  Extractor, Overlord  
  76  6:36  Extractor  
  73  6:40  Spore Crawler  
  73  6:47  Spore Crawler  
  73  6:51  Spore Crawler  
  71  6:59  Mutalisk  
  71  7:00  Mutalisk x4  
  81  7:02  Overseer  
  81  7:05  Drone x4  
  81  7:07  Hatchery, Drone  
  81  7:08  Mutalisk  
  83  7:12  Zergling x2  
  83  7:13  Zergling x10  
  92  7:15  Mutalisk  
  92  7:18  Hatchery  
  92  7:21  Mutalisk  
  94  7:29  Zergling x2  
  95  7:30  Zergling x16  
  99  7:39  Zerg Ground Armor Level 2  
  99  7:45  Queen  
  99  7:46  Drone  
  99  7:47  Drone  
  99  7:50  Overlord x3  
  101  7:53  Overlord  
  101  7:55  Overlord  
  101  7:56  Baneling x8  
  101  7:57  Baneling  
  101  8:01  Overlord  
  101  8:02  Overlord  
  101  8:05  Overlord  
  101  8:07  Overlord  
  101  8:08  Baneling x5  
  101  8:12  Overlord  
  100  8:13  Overseer  
  100  8:24  Zergling x24  
  100  8:25  Zergling x2  
  103  8:30  Zergling x6  
  103  8:34  Zergling x4  
  103  8:42  Zergling x6  
  103  8:46  Zergling x16  
  103  8:48  Baneling x7  
  114  8:54  Mutalisk x2  
  114  8:55  Drone  
  119  8:59  Baneling x3  
  119  9:00  Baneling x5  
  116  9:09  Zergling x2  
  117  9:10  Zergling x20  
  117  9:13  Zergling x6  
  110  9:22  Zergling x4  
  112  9:24  Zergling x6  
  112  9:32  Zergling x2  
  112  9:33  Zergling x14  
  112  9:35  Mutalisk x2  
  112  9:38  Mutalisk x2  
  113  9:42  Mutalisk  
  113  9:44  Mutalisk  
  113  9:45  Mutalisk x2, Zergling x2  
  116  9:54  Mutalisk  
  116  9:56  Zergling x16  
  125  10:06  Mutalisk x2  
  127  10:09  Zergling x8  
  127  10:13  Zergling x2  
  131  10:20  Zergling x20  
  138  10:23  Zergling x2  
  138  10:27  Zergling x2  
  137  10:29  Baneling x12  
  137  10:30  Zergling x2  
  137  10:34  Drone  
  139  10:39  Zergling x2  
  139  10:40  Zergling x6  
  139  10:42  Overseer  
  143  10:45  Zergling x6  
  143  10:46  Zergling x4  
  144  10:51  Overseer  
  144  10:53  Drone x2  
  146  10:58  Zergling x8  
  148  11:06  Zergling x2  
  148  11:09  Overlord x4  
  148  11:10  Overlord  
  149  11:20  Overlord  
  149  11:21  Overlord  
  149  11:30  Zergling x32  
  149  11:32  Infestation Pit, Baneling x3  
  162  11:35  Zergling x4  
  162  11:37  Spine Crawler x2  
  162  11:38  Zergling x4  
  164  11:44  Hatchery  
  164  11:45  Drone  
  164  11:46  Drone x4  
  168  11:49  Zerg Melee Weapons Level 2  
  168  11:50  Zerg Flyer Weapons Level 1  
  168  11:51  Drone x3  
  171  11:54  Zergling x10  
  171  11:55  Zergling x4  
  170  12:03  Baneling x5  
  170  12:04  Baneling x5  
  170  12:09  Hive  
  170  12:18  Overseer  
  170  12:19  Zergling x24  
  177  12:41  Zergling x16  
  177  12:42  Zergling x22  
  194  12:50  Pneumatized Carapace  
  194  12:53  Zergling x2  
  194  12:54  Zergling x10  
  198  13:14  Corruptor  
  198  13:15  Baneling  
  198  13:16  Baneling x32  
  199  13:25  Corruptor  
  198  13:31  Corruptor  
  198  13:32  Corruptor x3  
  193  13:34  Corruptor  
  193  13:38  Corruptor  
  193  13:40  Baneling x2  
  189  13:44  Corruptor  
  189  13:48  Corruptor  
  186  14:02  Overlord x3  
  171  14:04  Baneling x5  
Show
View Real Time Build Order
Export as new Build Order

iGXiGua Zerg 

Build Orders:  

Get SALT Encoding   

Show
View Real Time Build Order
Export as new Build Order

开局要打鸡儿盒饭 Zerg 

Build Orders:  

Get SALT Encoding   

Tags
 
Add a new tag
Caveats
  • Supply blocks, unpowered buildings, or Contaminate may cause inaccurate times.
  • Supply counts are checked every 10 seconds.